 Dungeon Crawl Stone Soup version 0.18-a0-128-g78ce890 (webtiles) character file.

46960 wvc the Stickfighter (level 14, -3/127 HPs)
             Began as a Naga Wanderer on Nov 22, 2015.
             Was the Champion of Cheibriados.
             Rolled over by a boulder beetle (11 damage)
             ... on level 8 of the Lair of Beasts.
             The game lasted 00:41:30 (17546 turns).

wvc the Stickfighter (Naga Wanderer)               Turns: 17546, Time: 00:41:30

Health: -3/127     AC: 14    Str: 32    XL:     14   Next: 39%
Magic:  16/21      EV: 23    Int: 32    God:    Cheibriados [******]
Gold:   688        SH:  0    Dex: 31    Spells: 3 memorised, 14 levels left

rFire  . . .     SeeInvis +     z - +2 lajatang (elec)
rCold  . . .     Clarity  .     O - +1 troll leather armour
rNeg   . . .     SustAt   .     (shield currently unavailable)
rPois  +         Gourm    .     K - +0 hat of Oklof {Str+4}
rElec  .         Spirit   .     Y - +1 cloak
rCorr  .         Warding  .     S - +2 pair of gloves {Dex+3}
rMut   .         Stasis   .     (no barding)
MR     +....                    j - amulet of regeneration
Stlth  +++.......               T - ring of wizardry
                                h - +4 ring of evasion

@: very slow, somewhat resistant to hostile enchantments, fairly stealthy
A: see invisible, deformed body, poison resistance, slowness 2, slow metabolism
1, spit poison 2, constrict 1, AC +4
a: Spit Poison, Bend Time, Temporal Distortion, Slouch, Step From Time, Renounce
Religion


You were on level 8 of the Lair of Beasts.
You worshipped Cheibriados.
Cheibriados was exalted by your worship.
You were not hungry.

You visited 3 branches of the dungeon, and saw 19 of its levels.

You collected 1120 gold pieces.
You spent 432 gold pieces at shops.

Inventory:

Hand Weapons
 z - a +2 lajatang of electrocution (weapon)
 P - a +0 quarterstaff
Armour
 K - the +0 hat of Oklof (worn) {Str+4}
   (You acquired it on level 2 of the Lair of Beasts)

   It affects your strength (+4).
 O - a +1 troll leather armour (worn)
 S - a +2 pair of gloves of dexterity (worn)
 Y - a +1 cloak (worn)
Magical Staves
 r - an uncursed staff of energy
Jewellery
 h - a +4 ring of evasion (left hand)
 j - an amulet of regeneration (around neck)
 o - an uncursed ring of protection from fire
 y - an uncursed ring of flight
 E - a +4 ring of evasion
 T - a ring of wizardry (right hand)
 U - an uncursed ring of teleportation
Wands
 c - a wand of teleportation (2)
 g - a wand of confusion (5)
 p - a wand of lightning (0)
 q - a wand of disintegration (19)
 D - a wand of slowing (38)
 H - a wand of confusion (29)
 Z - a wand of confusion (23)
Scrolls
 b - 3 scrolls of fear
 e - a scroll of enchant armour
 l - 10 scrolls of remove curse
 m - a scroll of silence
 w - 3 scrolls of magic mapping
 C - 2 scrolls of holy word
 G - 7 scrolls of teleportation
 L - a scroll of amnesia
 R - a scroll of fog
 W - a scroll of summoning
Potions
 d - 2 potions of invisibility
 n - a potion of resistance
 u - 2 potions of lignification
 v - a potion of magic
 x - 6 potions of curing
 B - a potion of heal wounds
 I - 3 potions of flight
 J - 2 potions of might {unknown}
 M - 5 potions of agility
 N - 2 potions of brilliance {unknown}
 Q - a potion of mutation {unknown}
Books
 s - a book of Changes

   Spells                             Type                      Level
   a - Beastly Appendage              Transmutation                1
   b - Sticks to Snakes               Transmutation                2
   c - Spider Form                    Transmutation/Poison         3
   d - Ice Form                       Ice/Transmutation            4
   e - Blade Hands                    Transmutation                5
 A - a book of Envenomations

   Spells                             Type                      Level
   a - Spider Form                    Transmutation/Poison         3
   b - Alistair's Intoxication        Transmutation/Poison         4
   c - Olgreb's Toxic Radiance        Poison                       4
   d - Poisonous Cloud                Conjuration/Poison/Air       6
 V - a book of Debilitation

   Spells                             Type                      Level
   a - Corona                         Hexes                        1
   b - Slow                           Hexes                        2
   c - Gell's Gravitas                Hexes/Translocation          3
   d - Inner Flame                    Hexes/Fire                   3
   e - Cause Fear                     Hexes                        4
   f - Leda's Liquefaction            Hexes/Earth                  4
Miscellaneous
 a - a phial of floods
 k - a fan of gales
 F - a plain deck of summoning
Comestibles
 f - 14 bread rations
 i - 4 meat rations


   Skills:
 + Level 8.8 Fighting
   Level 2.0(11.1) Maces & Flails
 + Level 16.2 Staves
 - Level 1.0 Throwing
 + Level 5.2 Armour
 + Level 8.6 Dodging
 - Level 1.5 Stealth
 - Level 2.0 Unarmed Combat
 * Level 5.0 Spellcasting
 * Level 5.2 Ice Magic
 * Level 8.3 Invocations


You had 14 spell levels left.
You knew the following spells:

 Your Spells              Type           Power        Failure   Level  Hunger
a - Regeneration          Chrm/Necr      #.........   9%          3    None
b - Song of Slaying       Chrm           #.......     4%          2    None
c - Condensation Shield   Ice            #####.....   3%          4    ###....


Dungeon Overview and Level Annotations

Branches:
Dungeon (10/15)            Temple (1/1) D:4            Lair (8/8) D:9
  Swamp (0/4) Lair:4        Snake (0/4) Lair:5          Orc (0/4) D:10
  Slime: Lair:6-8

Altars:
Ashenzari
Cheibriados
Dithmenos
Elyvilon
Fedhas
Gozag
Kikubaaqudgha
Makhleb
Nemelex Xobeh
Okawaru
Qazlal
Ru
Sif Muna
Trog
Vehumet
Xom
Yredelemnul
Zin
The Shining One

Shops:
D:10 %=

Portals:
Trove: D:10 (give 15 scrolls of teleportation)


Innate Abilities, Weirdness & Mutations

You cannot wear boots.
Your serpentine skin is tough (AC +4).
You have supernaturally acute eyesight.
Armour fits poorly on your strangely shaped body.
Your system is resistant to poisons.
You cover ground very slowly.
You have a slow metabolism.
You can spit poison.
You can use your snake-like lower body to constrict enemies.


Message History

You constrict Kirke! The sphinx hits you.
* * * LOW HITPOINT WARNING * * *
The sphinx hits you!
* * * LOW HITPOINT WARNING * * *
The sphinx barely misses you. Kirke closely misses you.
The boulder beetle smashes into Kirke!
Kirke dies!
No longer under Kirke's spell, the hogs return to their human forms!
The manticore completely misses you. The manticore barely misses you.
The manticore barely misses you. The lindwurm bites you!
* * * LOW HITPOINT WARNING * * *
The lindwurm barely misses you.
The lindwurm claws you but does no damage.
Really harm the non-hostile humans?
You can feel time thicken for a moment.
You feel somewhat more hungry.
The manticore disappears in a puff of smoke!
The lindwurm disappears in a puff of smoke!
The sphinx disappears in a puff of smoke!
The crocodile bites the human!
The boulder beetle smashes into you!
You die...

♣♣♣♣♣♣ ♣♣♣♣ ♣
♣♣♣..♣.♣♣♣♣♣♣♣..♣♣♣♣♣
..♣♣......♣♣..♣♣....♣♣..
........................
.P......................
................).†.....
......p.................
.....tB@§...............
....§§p§§...............
........................
...........†............
........................
............†...........
........................
........................
..................


You could see a boulder beetle, a crocodile and 2 neutral humans.

Vanquished Creatures
  Rupert (Lair:7)
  A hydra (Lair:3)
  4 death yaks (Lair:7)
  A catoblepas (Lair:7)
  A queen ant (Lair:6)
  An unseen horror (D:10)
  3 griffons
  9 elephants
  A centaur zombie (D:10)
  5 black mambas
  Psyche (D:8)
  6 komodo dragons
  13 spiny frogs
  A fire drake (Lair:5)
  A polar bear (Lair:4)
  2 trolls (D:10)
  8 blink frogs
  A boulder beetle (Lair:7)
  A deep elf mage (D:10)
  A spriggan (D:7)
  36 yaks
  2 wyverns
  A basilisk (Lair:8)
  5 vampire mosquitoes (Lair:4)
  5 hippogriffs
  A hog (Lair:8)
  2 nagas (Lair:5)
  2 hungry ghosts
  A steam dragon (Lair:3)
  13 porcupines
  20 soldier ants (Lair:6)
  24 water moccasins
  9 orc warriors
  2 ice beasts
  3 black bears
  7 phantoms
  3 ogres
  16 crocodiles
  25 giant frogs
  3 centaurs
  A big kobold (D:7)
  2 wyvern skeletons
  A scorpion (D:5)
  8 killer bees
  7 iguanas
  7 crimson imps
  2 giant frog skeletons
  2 giant frog zombies (D:7)
  8 hounds
  A jelly (D:7)
  10 orc priests
  11 orc wizards
  29 worker ants
  A killer bee zombie (D:6)
  27 sheep
  A hound skeleton (D:5)
  11 gnolls
  35 river rats
  17 adders
  2 oozes
  An adder skeleton (D:8)
  3 adder zombies
  7 worms
  6 giant geckos
  53 orcs
  8 bats
  8 giant cockroaches
  8 hobgoblins
  9 kobolds
  2 ball pythons (D:1)
  2 giant gecko skeletons
  2 giant gecko zombies
  10 giant newts
  9 goblins
  9 jackals
  4 quokkas
  12 rats
  2 fungi
580 creatures vanquished.

Vanquished Creatures (collateral kills)
  A hydra (Lair:4)
  A hippogriff (Lair:4)
2 creatures vanquished.

Vanquished Creatures (others)
  Kirke (Lair:8)
  The ghost of cireshan the Eclecticist, a journeyman DECj of Sif Muna (Lair:8)
  16 fungi
  3 plants
21 creatures vanquished.

Grand Total: 603 creatures vanquished

Notes
Turn   | Place    | Note
--------------------------------------------------------------
     0 | D:1      | wvc the Naga Wanderer began the quest for the Orb.
     0 | D:1      | wvc set off with: a potion of haste, a scroll of fear, a potion of curing, a +0 mace, a +0 robe, a bread ration
     0 | D:1      | Reached XP level 1. HP: 18/18 MP: 1/1
   379 | D:1      | Reached XP level 2. HP: 25/25 MP: 2/2
   561 | D:1      | Reached skill level 1 in Dodging
   713 | D:1      | Reached XP level 3. HP: 27/32 MP: 3/3
  1189 | D:2      | HP: 1/33 [adder (2)]
  1672 | D:2      | Reached XP level 4. HP: 14/40 MP: 4/4
  2115 | D:2      | Reached skill level 3 in Armour
  2214 | D:2      | Reached XP level 5. HP: 30/49 MP: 5/5
  3093 | D:3      | Found a shimmering altar of Xom.
  3387 | D:3      | Reached XP level 6. HP: 56/56 MP: 6/6
  3638 | D:4      | Found a staircase to the Ecumenical Temple.
  3652 | Temple   | Entered the Ecumenical Temple
  3662 | Temple   | Became a worshipper of Cheibriados the Contemplative
  4021 | D:4      | Found an ancient bone altar of Kikubaaqudgha.
  4101 | D:4      | Reached skill level 4 in Armour
  4141 | D:4      | Found a sparkling altar of Nemelex Xobeh.
  4147 | D:4      | Found a shattered altar of Ashenzari.
  4147 | D:4      | Found a basalt altar of Yredelemnul.
  4149 | D:4      | Found a white marble altar of Elyvilon.
  4155 | D:4      | Found a deep blue altar of Sif Muna.
  4394 | D:4      | Reached XP level 7. HP: 61/63 MP: 7/7
  4434 | D:5      | Entered Level 5 of the Dungeon
  4530 | D:5      | Reached * piety under Cheibriados
  4600 | D:5      | Found a glowing golden altar of the Shining One.
  4754 | D:5      | Reached skill level 1 in Staves
  5067 | D:5      | Found a sacrificial altar of Ru.
  5407 | D:5      | Found a glowing silver altar of Zin.
  5662 | D:6      | Reached ** piety under Cheibriados
  5719 | D:6      | Reached XP level 8. HP: 57/72 MP: 8/8
  5943 | D:6      | Reached skill level 5 in Staves
  6281 | D:6      | Reached skill level 6 in Staves
  6711 | D:6      | Reached skill level 7 in Staves
  6720 | D:6      | Reached *** piety under Cheibriados
  6796 | D:6      | Reached skill level 8 in Staves
  6796 | D:6      | Reached XP level 9. HP: 41/78 MP: 9/9
  7331 | D:6      | Reached skill level 9 in Staves
  7719 | D:7      | Reached **** piety under Cheibriados
  7759 | D:7      | Noticed a moth of wrath
  7762 | D:7      | Found a bloodstained altar of Trog.
  7883 | D:7      | Reached skill level 10 in Staves
  8100 | D:7      | Reached skill level 11 in Staves
  8192 | D:7      | Reached XP level 10. HP: 75/85 MP: 10/10
  8200 | D:7      | Learned a level 3 spell: Regeneration
  8203 | D:7      | Learned a level 2 spell: Song of Slaying
  8550 | D:7      | Got a fine falchion
  8576 | D:7      | Identified the +5 falchion "Qoril" {freeze, *Drain rC+ MR+ SInv} (You found it on level 7 of the Dungeon)
  8683 | D:7      | Reached skill level 1 in Invocations
  8758 | D:7      | Found an iron altar of Okawaru.
  8910 | D:8      | Reached ***** piety under Cheibriados
  9059 | D:8      | Noticed Psyche
  9075 | D:8      | Killed Psyche
  9075 | D:8      | Reached skill level 12 in Staves
  9196 | D:8      | Found a blossoming altar of Fedhas.
 10194 | D:9      | Reached skill level 13 in Staves
 10537 | D:9      | Found a staircase to the Lair.
 10588 | D:9      | Reached ****** piety under Cheibriados
 10724 | D:10     | Entered Level 10 of the Dungeon
 10756 | D:10     | Found a staircase to the Orcish Mines.
 10891 | D:10     | Found Sedidet's Food Emporium.
 10898 | D:10     | Found a portal to a secret trove of treasure.
 10960 | D:10     | Found Igosem's Jewellery Shop.
 10963 | D:10     | Bought a +4 ring of evasion for 432 gold pieces
 11008 | D:10     | Reached XP level 11. HP: 74/91 MP: 12/12
 11023 | D:10     | Reached skill level 14 in Staves
 11333 | D:10     | Learned a level 4 spell: Condensation Shield
 11415 | D:10     | Noticed an unseen horror
 11456 | D:10     | Killed an unseen horror
 11579 | Lair:1   | Entered Level 1 of the Lair of Beasts
 11788 | Lair:1   | Identified a scroll of acquirement
 11882 | Lair:1   | Reached skill level 5 in Dodging
 12184 | Lair:1   | Reached skill level 5 in Fighting
 12275 | Lair:2   | Found a bloodstained altar of Trog.
 13031 | Lair:2   | Got a dazzling hat
 13037 | Lair:2   | Identified the +0 hat of Oklof {Str+4} (You acquired it on level 2 of the Lair of Beasts)
 13061 | Lair:3   | Reached XP level 12. HP: 79/105 MP: 14/14
 13299 | Lair:3   | Reached skill level 5 in Invocations
 13479 | Lair:3   | Noticed a four-headed hydra
 13493 | Lair:3   | Killed a four-headed hydra
 13493 | Lair:3   | Reached skill level 5 in Armour
 13925 | Lair:4   | Noticed a catoblepas
 14006 | Lair:4   | Noticed an eight-headed hydra
 14024 | Lair:4   | Killed an eight-headed hydra
 14024 | Lair:4   | Reached skill level 15 in Staves
 14228 | Lair:4   | Found a staircase to the Swamp.
 14444 | Lair:4   | Reached skill level 1 in Ice Magic
 14638 | Lair:5   | Reached skill level 1 in Spellcasting
 14701 | Lair:5   | Gained mutation: You can use your snake-like lower body to constrict enemies. [Naga growth]
 14701 | Lair:5   | Reached XP level 13. HP: 89/115 MP: 17/17
 14772 | Lair:5   | Found a staircase to the Snake Pit.
 16642 | Lair:7   | Noticed Rupert
 16658 | Lair:7   | Killed Rupert
 16658 | Lair:7   | Reached XP level 14. HP: 68/127 MP: 9/20
 16755 | Lair:7   | Reached skill level 16 in Staves
 17268 | Lair:8   | Entered Level 8 of the Lair of Beasts
 17276 | Lair:8   | Noticed cireshan's ghost (journeyman DECj)
 17283 | Lair:8   | Reached skill level 5 in Ice Magic
 17286 | Lair:8   | Killed cireshan's ghost
 17500 | Lair:8   | Reached skill level 5 in Spellcasting
 17531 | Lair:8   | Noticed Kirke
 17540 | Lair:8   | Noticed a sphinx
 17545 | Lair:8   | Killed Kirke
 17546 | Lair:8   | Rolled over by a boulder beetle

Vault maps used:
D:1:      minmay_arrival_radiant_lines, grunt_decor_fettered
D:2:      lemuel_upstairs_altar
D:3:      nicolae_overflow_crystal_walls
D:4:      lemuel_crystal_altar, minitemple, minmay_temple_entry_grid
D:5:      marbit_many_paths, lemuel_crystal_altar, first_bread,
          nicolae_tso_carved_into_rock
D:6:      serial_co_window_serial, co_window_cross_1, co_window_paths_b,
          co_window_of_opportunity_a, co_window_corner_a, co_window_paths_b,
          co_window_unsneaky_path_d, co_window_of_opportunity_b,
          co_window_corner_b, co_window_unsneaky_path_d,
          co_window_of_opportunity_b, co_window_of_opportunity_b,
          glass_columns_a, glass_columns_a, glass_columns_c, glass_columns_a
D:7:      tgw_trog, hangedman_decor_slide_cut, the_bakery, corexii_checkpoint_b,
          okawaru_metal_pillars_1_2
D:8:      fedhas_altar_3, st_stairs_12, uniq_psyche
D:9:      dpeg_oklobed_lair
D:10:     orc_0_dummy, serial_shops, shop, shop_fountains, enter_trove_2
Temple:   temple_eino_lava_8
Lair:2:   basic_altar, minivault_25, grunt_megastairs_4
Lair:4:   minmay_swamp_entry_swarm, grunt_megastairs_2
Lair:5:   guppyfry_snake_entry_island, infiniplex_staircase_pool
Lair:6:   small_statue_intersection, minivault_29
Lair:7:   beast_lair_carwin_large_1, bh_autumn_forest_stairs, uniq_rupert
Lair:8:   evil_forest, slime_altar_1, uniq_kirke

Action                   |  1- 3 |  4- 6 |  7- 9 | 10-12 | 13-15 || total
-------------------------+-------+-------+-------+-------+-------++-------
Melee: Mace              |   132 |   140 |       |       |       ||   272
       Flail             |       |    99 |    66 |       |       ||   165
       Quarterstaff      |       |       |   422 |   560 |       ||   982
       Halberd           |       |       |    47 |       |       ||    47
       Lajatang          |       |       |       |   287 |   402 ||   689
 Cast: Condensation Shie |       |       |       |       |     1 ||     1
Invok: Slouch            |       |       |     1 |       |     4 ||     5
 Abil: Spit Poison       |     2 |    11 |    11 |     6 |     1 ||    31
Evoke: Wand              |       |     1 |    18 |     4 |     1 ||    24
       Fan of gales      |       |       |       |     1 |       ||     1
  Use: Potion            |     3 |       |     1 |     3 |       ||     7
       Scroll            |       |    13 |     4 |    16 |     5 ||    38
 Stab: Sleeping          |       |     1 |     3 |    18 |    10 ||    32
       Distracted        |       |       |     1 |     2 |     1 ||     4
       Confused          |       |       |     1 |       |       ||     1
  Eat: Fruit             |     3 |       |     4 |       |       ||     7
       Chunk             |     1 |     4 |     4 |     9 |     1 ||    19
       Beef jerky        |       |     1 |     1 |     1 |       ||     3
       Pizza             |       |     1 |     1 |       |       ||     2
       Meat ration       |       |       |       |     3 |     1 ||     4
       Bread ration      |       |       |       |     1 |       ||     1
       Royal jelly       |       |       |       |       |     1 ||     1
